AoeStats
← fat_dgk

Oasis

509386738Analyzed
4v4 RM · 5d ago on Sep 26, 2026· 43m 57s· 8 players
Game mode
Random Map
Map size
Large (8 player)
Population
200
Speed
Normal
Resources
Standard
Victory
Conquest
Starting age
Dark Age
Ending age
Imperial Age
RankedLock teamsTeams togetherTeam positionsShared explorationLock speedFull tech treeHidden civsTurbo modeCheats
Victory
Defeat
🇨🇳 Byzantines · China
1174
+14
🇲🇳 Celts · Mongolia
1174
+14
🇨🇱 Poles · Chile
1161
+14
🇨🇳 Franks · China
1156
+15
🇬🇧 Saxons · United Kingdom
1156
-16
🇸🇰 Franks · Slovakia
1149
-15
🇺🇦 Teutons · Ukraine
1129
-14
🇨🇳 Bohemians · China
1080
-12
Kolbaskin
10:03 Feudal Age
12:36 Double-Bit Axe
16:18 Castle Age
19:29 Bow Saw
20:58 Horse Collar
21:51 Gold Mining
23:17 Wheelbarrow
22:29 Loom
23:48 Forging
23:43 Scale Barding Armor
24:46 Bloodlines
25:40 Iron Casting
25:38 Stone Mining
32:00 Heavy Plow
33:25 Pikeman
39:43 Imperial Age
38:51 Hand Cart
38:22 Town Watch
41:44 Crenellations
41:47 Squires
Kebab do ruky
12:03 Feudal Age
20:06 Castle Age
18:48 Double-Bit Axe
23:36 Wheelbarrow
24:56 Hand Cart
27:20 Loom
28:43 Forging
28:39 Scale Barding Armor
29:20 Bow Saw
31:49 Imperial Age
33:13 Iron Casting
32:37 Cavalier
34:12 Chain Barding Armor
34:48 Husbandry
34:52 Paladin
35:41 Chivalry
36:01 Conscription
37:22 Plate Barding Armor
37:48 Blast Furnace
37:52 Fletching
38:05 Scale Mail Armor
42:34 Chain Mail Armor
43:12 Herbal Medicine
A Sir
0:33 Loom
11:45 Feudal Age
19:46 Castle Age
21:26 Double-Bit Axe
37:05 Bow Saw
38:22 Chemistry
40:49 Horse Collar
42:19 Padded Archer Armor
AgEnT10101
0:29 Loom
10:37 Feudal Age
17:21 Double-Bit Axe
20:41 Castle Age
18:45 Horse Collar
19:49 Stone Mining
20:29 Gold Mining
22:44 Scale Mail Armor
23:11 Bow Saw
24:31 Wheelbarrow
27:49 Heavy Plow
28:39 Hand Cart
30:23 Chain Mail Armor
30:19 Forging
31:09 Squires
31:05 Arson
34:43 Imperial Age
32:17 Gambesons
33:19 Iron Casting
34:53 Shield Wall
35:54 Conscription
36:13 Plate Mail Armor
35:06 Elite Varangian Guard
37:02 Two-Man Saw
36:05 Man-at-Arms
37:40 Long Swordsman
fat_dgk
6:49 Loom
9:40 Feudal Age
11:19 Double-Bit Axe
12:44 Horse Collar
18:47 Castle Age
19:44 Heavy Plow
19:55 Bow Saw
20:54 Wheelbarrow
23:43 Town Watch
25:42 Hand Cart
26:23 Treadmill Crane
27:28 Forging
27:14 Gold Mining
27:15 Stone Mining
28:03 Scale Mail Armor
30:45 Imperial Age
29:22 Iron Casting
28:57 Squires
28:43 Arson
29:55 Fervor
30:49 Chain Mail Armor
30:52 Masonry
31:50 Conscription
32:02 Plate Mail Armor
32:33 Blast Furnace
31:51 Capped Ram
32:23 Elite Obuch
34:46 Stone Shaft Mining
34:28 Siege Ram
35:20 Fletching
35:39 Scale Barding Armor
36:10 Ballistics
36:53 Chemistry
37:02 Chain Barding Armor
37:36 Bloodlines
37:27 Husbandry
37:12 Light Cavalry
37:45 Fletching
38:16 Winged Hussar
39:19 Lechitic Legacy
40:27 Bombard Tower
39:59 Guard Tower
40:00 Arrowslits
41:18 Bodkin Arrow
41:24 Padded Archer Armor
1826193685
9:44 Feudal Age
9:30 Loom
10:21 Double-Bit Axe
19:41 Gold Mining
22:27 Castle Age
21:09 Forging
21:08 Scale Barding Armor
23:29 Husbandry
24:30 Bow Saw
25:28 Gold Shaft Mining
26:27 Chain Barding Armor
27:11 Wheelbarrow
30:05 Iron Casting
29:17 Light Cavalry
32:57 Hand Cart
37:45 Imperial Age
37:50 Cavalier
39:32 Blast Furnace
39:08 Plate Barding Armor
39:50 Paladin
DuDu
7:10 Loom
9:48 Feudal Age
10:19 Man-at-Arms
13:15 Double-Bit Axe
21:07 Castle Age
20:16 Scale Mail Armor
20:09 Fletching
20:21 Padded Archer Armor
21:08 Long Swordsman
25:31 Horse Collar
26:48 Forging
27:11 Gambesons
29:28 Pikeman
35:27 Chain Mail Armor
38:15 Wheelbarrow
37:26 Town Watch
38:27 Stronghold
39:30 Heavy Plow
39:42 Bow Saw
39:52 Town Patrol
40:07 Hand Cart
44:03 Imperial Age
42:00 Arson
42:55 Iron Casting
370885147
0:29 Loom
13:10 Feudal Age
14:51 Double-Bit Axe
14:48 Horse Collar
21:07 Castle Age
19:19 Stone Mining
22:34 Wheelbarrow
22:26 Bow Saw
22:19 Heavy Plow
22:56 Stone Shaft Mining
22:15 Gold Mining
23:49 Gold Shaft Mining
26:05 Hand Cart
32:13 Imperial Age
33:30 Conscription
34:49 Husbandry
35:02 Scale Barding Armor
35:08 Forging
37:02 Chemistry
36:23 Ballistics
36:01 Murder Holes
36:31 Chain Barding Armor
36:47 Iron Casting
36:02 Fletching
36:57 Hoardings
36:33 Logistica
36:55 Elite Cataphract
38:35 Bombard Tower
37:58 Treadmill Crane
38:56 Plate Barding Armor
38:17 Bodkin Arrow
38:02 Light Cavalry
40:46 Bracer
40:46 Scale Mail Armor
40:47 Padded Archer Armor
44:20 Arrowslits
44:26 Guard Tower
44:46 Fortified Wall
44:42 Siphons
Connection lost

Rejoining the realm…

Still unreachable

The connection could not be restored.

Session expired

The server has moved on; the page needs a fresh start.